[ AOE2 MATCH · #505227741 ]
UnrankedBurmese vs Incas
Player's team · LOSS
Rival team · WIN
[ REPLAY ANALYSIS · EXTRACTED FROM THE RECORDED GAME ]
Feudal
9:16
Castle
25:26
Imperial
—
| APM avg | 89.3 |
| APM peak | 145 |
| eAPM avg | 32.3 |
| Villagers / military | 124 / 78 |
Focus
⚔️ 29.7% · 🌾 70.3%
Scout Cavalry ×29 · Knight ×27 · Skirmisher ×11 · Militia ×6 · Archer ×3 · Monk ×2
Feudal
8:51
Castle
23:18
Imperial
—
| APM avg | 67.1 |
| APM peak | 113 |
| eAPM avg | 32.3 |
| Villagers / military | 106 / 38 |
Focus
⚔️ 49.1% · 🌾 50.9%
Unknown (2550) ×36 · Archer ×32 · Monk ×4 · Spearman ×2
Match map
Initial resources + every placement click. Lines = walls · curves = elevation contours. ◆ gold · ⬟ stone · ● berries · ✦ relic · ◌ wall gap
Your base· ✓ Closed at 25:26 · 29t walls · 3 gate(s)
RoR | kei's base· Open — 10t gap
Smoothed initial terrain · ◌ = detected wall gap · hover for details
Inputs per minute
— jsemosoom - - RoR | kei
Build order — jsemosoom
First 150 of 356 actions detected
| 0:00 | Create | Villager (Male) |
| 0:01 | Create | Villager (Male) |
| 0:01 | Create | Villager (Male) |
| 0:02 | Build | House |
| 0:03 | Build | House |
| 0:18 | Create | Villager (Male) |
| 0:18 | Create | Villager (Male) |
| 1:28 | Build | Lumber Camp |
| 1:31 | Create | Villager (Male) |
| 1:32 | Create | Villager (Male) |
| 2:01 | Create | Villager (Male) |
| 2:19 | Create | Villager (Male) |
| 2:20 | Create | Villager (Male) |
| 2:51 | Create | Villager (Male) |
| 2:52 | Create | Villager (Male) |
| 2:52 | Create | Villager (Male) |
| 3:34 | Create | Villager (Male) |
| 3:34 | Create | Villager (Male) |
| 3:49 | Build | House |
| 3:53 | Build | House |
| 4:20 | Create | Villager (Male) |
| 4:25 | Build | House |
| 4:50 | Create | Villager (Male) |
| 4:51 | Create | Villager (Male) |
| 4:53 | Create | Villager (Male) |
| 4:53 | Create | Villager (Male) |
| 5:22 | Build | Barracks |
| 5:50 | Create | Villager (Male) |
| 6:02 | Build | House |
| 6:35 | Research | Loom |
| 6:35 | Research | Loom |
| 6:57 | Create | Villager (Male) |
| 7:01 | Research | Feudal Age |
| 7:01 | Research | Feudal Age |
| 7:07 | Build | Mining Camp |
| 7:13 | Create | Militia |
| 7:13 | Create | Militia |
| 7:24 | Build | Palisade Wall |
| 7:31 | Create | Militia |
| 7:31 | Create | Militia |
| 7:55 | Create | Militia |
| 7:56 | Create | Militia |
| 8:06 | Build | Palisade Wall |
| 8:31 | Build | Mill |
| 8:33 | Create | Villager (Male) |
| 8:46 | Build | House |
| 8:54 | Build | Palisade Wall |
| 8:55 | Build | Palisade Wall |
| 9:16 | Age | Feudal Age |
| 9:21 | Research | Man-at-Arms (upgrade) |
| 9:21 | Research | Man-at-Arms (upgrade) |
| 9:37 | Create | Villager (Male) |
| 10:01 | Create | Villager (Male) |
| 10:02 | Create | Villager (Male) |
| 10:14 | Build | Archery Range |
| 10:39 | Create | Villager (Male) |
| 11:01 | Build | Farm |
| 11:01 | Create | Archer |
| 11:06 | Build | Farm |
| 11:23 | Create | Villager (Male) |
| 11:23 | Create | Villager (Male) |
| 11:24 | Build | Farm |
| 11:25 | Build | Farm |
| 11:49 | Build | Farm |
| 11:56 | Create | Villager (Male) |
| 11:56 | Create | Villager (Male) |
| 12:02 | Build | House |
| 12:05 | Create | Archer |
| 12:07 | Create | Skirmisher |
| 12:10 | Build | Farm |
| 12:19 | Create | Villager (Male) |
| 12:20 | Create | Villager (Male) |
| 12:30 | Create | Skirmisher |
| 12:37 | Build | Palisade Wall |
| 12:37 | Build | Palisade Wall |
| 12:44 | Build | House |
| 12:45 | Build | Palisade Wall |
| 12:50 | Create | Villager (Male) |
| 12:51 | Build | Farm |
| 13:01 | Build | House |
| 13:02 | Build | Palisade Wall |
| 13:06 | Create | Skirmisher |
| 13:22 | Create | Villager (Male) |
| 13:25 | Build | Farm |
| 13:30 | Create | Villager (Male) |
| 13:37 | Create | Skirmisher |
| 13:52 | Create | Skirmisher |
| 14:05 | Create | Villager (Male) |
| 14:22 | Build | Blacksmith |
| 14:23 | Create | Villager (Male) |
| 14:30 | Create | Skirmisher |
| 14:45 | Build | Farm |
| 14:50 | Create | Villager (Male) |
| 15:03 | Create | Skirmisher |
| 15:06 | Create | Archer |
| 15:08 | Create | Villager (Male) |
| 15:13 | Research | Fletching |
| 15:16 | Build | House |
| 15:24 | Build | House |
| 15:27 | Create | Villager (Male) |
| 15:31 | Build | Farm |
| 15:31 | Build | Farm |
| 15:32 | Build | Farm |
| 15:37 | Build | House |
| 15:37 | Build | House |
| 15:54 | Create | Skirmisher |
| 16:07 | Create | Villager (Male) |
| 16:32 | Create | Villager (Male) |
| 16:47 | Create | Villager (Male) |
| 17:07 | Create | Villager (Male) |
| 17:08 | Build | Farm |
| 17:09 | Build | Farm |
| 17:11 | Build | Stable |
| 17:29 | Research | Horse Collar |
| 17:30 | Build | Farm |
| 17:33 | Build | Farm |
| 17:34 | Create | Villager (Male) |
| 17:40 | Build | Palisade Gate |
| 17:42 | Build | Palisade Wall |
| 17:46 | Build | Farm |
| 18:07 | Create | Villager (Male) |
| 18:08 | Create | Scout Cavalry |
| 18:13 | Create | Skirmisher |
| 18:20 | Build | Farm |
| 18:21 | Create | Villager (Male) |
| 18:26 | Build | Palisade Gate |
| 18:32 | Build | Farm |
| 18:35 | Build | Farm |
| 18:35 | Create | Villager (Male) |
| 18:38 | Create | Skirmisher |
| 18:39 | Create | Scout Cavalry |
| 18:54 | Create | Scout Cavalry |
| 18:57 | Research | Scale Barding Armor |
| 19:02 | Create | Villager (Male) |
| 19:03 | Build | Lumber Camp |
| 19:10 | Create | Skirmisher |
| 19:12 | Create | Scout Cavalry |
| 19:17 | Build | Farm |
| 19:18 | Build | Farm |
| 19:19 | Build | Farm |
| 19:28 | Create | Scout Cavalry |
| 20:04 | Create | Villager (Male) |
| 20:05 | Create | Villager (Male) |
| 20:07 | Create | Villager (Male) |
| 20:07 | Create | Villager (Male) |
| 20:09 | Build | Market |
| 20:25 | Create | Villager (Male) |
| 20:32 | Build | Farm |
| 20:32 | Build | Farm |
| 20:33 | Build | Farm |
Build order — RoR | kei
First 150 of 311 actions detected
| 0:01 | Create | Villager (Male) |
| 0:02 | Build | House |
| 0:03 | Build | House |
| 0:05 | Create | Villager (Male) |
| 0:06 | Create | Villager (Male) |
| 0:10 | Create | Villager (Male) |
| 0:10 | Create | Villager (Male) |
| 1:24 | Create | Villager (Male) |
| 1:24 | Create | Villager (Male) |
| 1:48 | Build | Settlement |
| 1:57 | Create | Villager (Male) |
| 1:57 | Create | Villager (Male) |
| 2:28 | Create | Villager (Male) |
| 2:28 | Create | Villager (Male) |
| 2:45 | Create | Villager (Male) |
| 2:45 | Create | Villager (Male) |
| 3:07 | Create | Villager (Male) |
| 3:39 | Create | Villager (Male) |
| 3:40 | Create | Villager (Male) |
| 4:07 | Create | Villager (Male) |
| 4:07 | Create | Villager (Male) |
| 4:30 | Create | Villager (Male) |
| 4:34 | Create | Villager (Male) |
| 4:35 | Create | Villager (Male) |
| 5:16 | Build | Barracks |
| 5:20 | Create | Villager (Male) |
| 5:34 | Create | Villager (Male) |
| 5:51 | Research | Loom |
| 6:39 | Research | Feudal Age |
| 6:48 | Build | Settlement |
| 6:57 | Create | Unit 2550 |
| 7:28 | Create | Unit 2550 |
| 8:06 | Create | Villager (Male) |
| 8:16 | Build | Palisade Wall |
| 8:21 | Create | Unit 2550 |
| 8:51 | Age | Feudal Age |
| 9:03 | Build | Archery Range |
| 9:05 | Research | Tech 1402 |
| 9:18 | Create | Villager (Male) |
| 9:26 | Build | Palisade Wall |
| 9:27 | Build | Palisade Wall |
| 9:28 | Build | Palisade Wall |
| 9:32 | Create | Villager (Male) |
| 9:38 | Build | Palisade Wall |
| 9:42 | Build | House |
| 9:44 | Build | House |
| 9:54 | Build | Palisade Wall |
| 10:09 | Create | Archer |
| 10:29 | Create | Villager (Male) |
| 10:33 | Create | Villager (Male) |
| 10:38 | Build | Gate |
| 10:41 | Create | Archer |
| 10:41 | Create | Archer |
| 10:46 | Build | House |
| 10:49 | Create | Villager (Male) |
| 10:52 | Build | House |
| 11:15 | Create | Archer |
| 11:23 | Create | Villager (Male) |
| 11:27 | Build | Settlement |
| 11:43 | Create | Villager (Male) |
| 12:00 | Create | Villager (Male) |
| 12:29 | Create | Unit 2550 |
| 12:40 | Create | Archer |
| 12:41 | Create | Villager (Male) |
| 12:57 | Create | Villager (Male) |
| 13:17 | Create | Villager (Male) |
| 13:19 | Build | Settlement |
| 13:31 | Create | Unit 2550 |
| 13:32 | Create | Archer |
| 13:34 | Build | Farm |
| 13:40 | Build | Palisade Wall |
| 13:49 | Build | Farm |
| 13:56 | Create | Unit 2550 |
| 14:14 | Build | Farm |
| 14:19 | Create | Villager (Male) |
| 14:30 | Create | Archer |
| 14:43 | Build | Farm |
| 14:44 | Create | Villager (Male) |
| 14:55 | Create | Villager (Male) |
| 15:01 | Build | Blacksmith |
| 15:09 | Create | Archer |
| 15:25 | Create | Villager (Male) |
| 15:27 | Build | Farm |
| 15:29 | Build | Farm |
| 15:40 | Research | Fletching |
| 15:48 | Create | Villager (Male) |
| 16:03 | Create | Villager (Male) |
| 16:19 | Build | Farm |
| 16:20 | Build | Farm |
| 16:20 | Build | Farm |
| 16:20 | Build | Farm |
| 16:20 | Build | Farm |
| 16:37 | Create | Villager (Male) |
| 16:46 | Create | Archer |
| 16:48 | Build | Farm |
| 16:58 | Create | Villager (Male) |
| 17:05 | Create | Archer |
| 17:17 | Create | Villager (Male) |
| 17:18 | Create | Unit 2550 |
| 17:34 | Build | Farm |
| 17:36 | Build | Farm |
| 17:40 | Create | Unit 2550 |
| 17:50 | Create | Villager (Male) |
| 18:14 | Create | Villager (Male) |
| 18:20 | Create | Unit 2550 |
| 18:23 | Build | Farm |
| 18:26 | Create | Villager (Male) |
| 18:44 | Create | Archer |
| 18:49 | Create | Villager (Male) |
| 18:57 | Build | Farm |
| 18:57 | Build | Farm |
| 18:57 | Build | Farm |
| 18:58 | Build | Farm |
| 18:58 | Build | Farm |
| 18:58 | Build | Farm |
| 19:05 | Create | Villager (Male) |
| 19:19 | Create | Villager (Male) |
| 19:26 | Create | Archer |
| 19:34 | Build | Farm |
| 19:40 | Build | Farm |
| 20:10 | Create | Villager (Male) |
| 20:18 | Build | Farm |
| 20:25 | Build | Farm |
| 20:32 | Build | House |
| 20:39 | Research | Castle Age |
| 20:53 | Build | Settlement |
| 20:54 | Create | Archer |
| 21:06 | Build | Archery Range |
| 21:11 | Create | Unit 2550 |
| 21:21 | Research | Double-Bit Axe |
| 21:22 | Research | Double-Bit Axe |
| 21:23 | Create | Villager (Male) |
| 21:34 | Build | Palisade Wall |
| 21:57 | Build | Palisade Gate |
| 22:03 | Create | Villager (Male) |
| 22:06 | Create | Archer |
| 22:14 | Create | Villager (Male) |
| 22:20 | Build | Palisade Wall |
| 22:22 | Build | Palisade Wall |
| 22:29 | Create | Archer |
| 22:42 | Build | House |
| 22:53 | Create | Archer |
| 23:00 | Create | Villager (Male) |
| 23:03 | Build | Market |
| 23:18 | Age | Castle Age |
| 23:21 | Research | Crossbowman (upgrade) |
| 23:21 | Research | Crossbowman (upgrade) |
| 24:04 | Research | Padded Archer Armor |
| 24:04 | Research | Bodkin Arrow |
| 24:04 | Research | Bodkin Arrow |
Match timeline
| 5:16 | RoR | kei · first_building Barracks |
| 5:22 | jsemosoom · first_building Barracks |
| 7:24 | jsemosoom · wall_segment Palisade Wall x8 |
| 8:06 | jsemosoom · wall_segment Palisade Wall x2 |
| 8:16 | RoR | kei · wall_segment Palisade Wall x19 |
| 8:51 | RoR | kei · age_up feudal |
| 8:54 | jsemosoom · wall_segment Palisade Wall x1 |
| 8:55 | jsemosoom · wall_segment Palisade Wall x7 |
| 9:03 | RoR | kei · first_building Archery Range |
| 9:16 | jsemosoom · age_up feudal |
| 9:26 | RoR | kei · wall_segment Palisade Wall x1 |
| 9:27 | RoR | kei · wall_segment Palisade Wall x1 |
| 9:28 | RoR | kei · wall_segment Palisade Wall x1 |
| 9:38 | RoR | kei · wall_segment Palisade Wall x4 |
| 9:54 | RoR | kei · wall_segment Palisade Wall x2 |
| 10:14 | jsemosoom · first_building Archery Range |
| 12:37 | jsemosoom · wall_segment Palisade Wall x6 |
| 12:37 | jsemosoom · wall_segment Palisade Wall x1 |
| 12:45 | jsemosoom · wall_segment Palisade Wall x2 |
| 13:02 | jsemosoom · wall_segment Palisade Wall x1 |
| 13:40 | RoR | kei · wall_segment Palisade Wall x1 |
| 17:11 | jsemosoom · first_building Stable |
| 17:42 | jsemosoom · wall_segment Palisade Wall x1 |
| 20:45 | jsemosoom · wall_segment Palisade Wall x3 |
| 21:34 | RoR | kei · wall_segment Palisade Wall x2 |
| 22:04 | jsemosoom · first_market_sell 100 wood |
| 22:05 | jsemosoom · first_market_buy 100 food |
| 22:20 | RoR | kei · wall_segment Palisade Wall x1 |
| 22:22 | RoR | kei · wall_segment Palisade Wall x4 |
| 23:18 | RoR | kei · age_up castle |
| 24:03 | RoR | kei · first_market_sell 100 food |
| 25:02 | RoR | kei · first_building Monastery |
| 25:14 | RoR | kei · wall_segment Palisade Wall x1 |
| 25:26 | jsemosoom · age_up castle |
| 26:19 | jsemosoom · first_building Monastery |
| 30:50 | RoR | kei · wall_segment Palisade Wall x2 |
| 34:14 | jsemosoom · resign |
[ AI ANALYSIS · 1 CREDIT ]
What really happened in this match?
Wolo.gg analyzes every decision: build order, eco, micro, common mistakes by bracket. Personalized analysis on WhatsApp or Discord in 30 seconds.
Civ guide
Burmese
Perfil
Jugador #2388792